 Dungeon Crawl Stone Soup version 0.30-a0-1075-gcd70e7a56d (webtiles) character file.

Game seed: 1377382400990260764

431 jasper the Stinger (level 6, -4/28 HPs)
             Began as a Spriggan Venom Mage on Apr 14, 2023.
             Slain by a gnoll
             ... wielding a +0 halberd
              (13 damage)
             ... on level 5 of the Dungeon.
             The game lasted 00:09:58 (4133 turns).

jasper the Stinger (Spriggan Venom Mage)            Turns: 4133, Time: 00:09:58

Health: -4/28      AC:  2    Str:  4    XL:     6   Next: 66%
Magic:  0/13       EV: 17    Int: 18    God:
Gold:   99         SH:  0    Dex: 16    Spells: 0/13 levels left

rFire   + . .      SeeInvis +    j - +0 war axe of Crystal {freeze, rF+}
rCold   . . .      Faith    .    (no shield)
rNeg    . . .      Spirit   .    a - +0 robe
rPois   .          Reflect  .    (helmet restricted)
rElec   .          Rampage  .    (no cloak)
rCorr   .                        (gloves unavailable)
Will    +....                    (boots unavailable)
Stlth   ++                       (no amulet)
HPRegen 0.24/turn                o - +4 ring of slaying
MPRegen 0.13/turn                (no ring)

@: very quick
A: very small, no large weapons, unfitting armour, see invisible, speed 3
a: no special abilities


You were on level 5 of the Dungeon.
You visited 1 branch of the dungeon, and saw 5 of its levels.

You collected 99 gold pieces.

Inventory:

Hand Weapons
 c - a +0 short sword
 f - a +3 falchion
 j - the +0 war axe of Crystal (weapon) {freeze, rF+}
   (You found it on level 3 of the Dungeon)

   rF:        It protects you from fire.
Armour
 a - a +0 robe (worn)
Jewellery
 m - a ring of fire
 o - a +4 ring of slaying (left hand)
Scrolls
 h - a scroll of fog {unknown}
Potions
 b - a potion of magic
 d - 3 potions of attraction
 e - a potion of curing
 g - a potion of cancellation
 i - a potion of berserk rage {unknown}
 k - 2 potions of might {unknown}
 n - a potion of brilliance {unknown}
 q - a potion of ambrosia {unknown}


   Skills:
 - Level 2.6 Dodging
 - Level 3.0 Stealth
 + Level 4.3 Spellcasting
 - Level 2.0 Conjurations
 + Level 2.1 Transmutations
 + Level 0.7 Fire Magic
 - Level 2.0 Air Magic
 + Level 5.4 Poison Magic


You couldn't memorise any spells.
You knew the following spells:

 Your Spells              Type           Power      Damage    Failure   Level
a - Sting                 Tmut/Pois      68%        1d6       3%          1
b - Poisonous Vapours     Pois/Air       34%        N/A       4%          2
c - Mephitic Cloud        Conj/Pois/Air  15%        N/A       12%         3
d - Olgreb's Toxic Radia  Pois           23%        N/A       16%         4
e - Ignite Poison         Fire/Tmut/Pois 13%        N/A       14%         3

Your spell library contained the following spells:

 Spells                   Type           Power      Damage    Failure   Level
 Spider Form              Tmut/Pois      17%        N/A       9%          3
 Dazzling Flash           Conj/Hex       14%        N/A       28%         3
 Stone Arrow              Conj/Erth      14%        3d7       28%         3
 Silence                  Hex/Air        3%         N/A       95%         5
 Agony                    Necr           3%         N/A       99%         5


Dungeon Overview and Level Annotations

Branches:
Dungeon (5/15)
 Temple: D:4-7

Altars:
Uskayaw
Yredelemnul

Shops:
D:1 *[[=!

Annotations:
D:4 Grinder


Innate Abilities, Weirdness & Mutations

You are very small and have problems with some larger weapons.
You are too small for most types of armour.
You have supernaturally acute eyesight. (SInv)
You cover ground extremely quickly. (Speed+++)


Message History

The ogre misses you.
The ogre hits itself with a +0 giant club!!
The ogre is killed!
Your magical contamination has completely faded away.
Your Transmutations skill increases to level 2!
Things that are here:
a +0 giant club; an ogre corpse
Casting: Sting (safe; 3% risk of failure)
Confirm with . or Enter, or press ? or * to list all spells.
Okay, then.
A gnoll comes into view. It is wielding a +0 spear.
Aiming: Sting (safe; 3% risk of failure)
Press: ? - help, Q - select action, (/) - cycle Shift-Dir - straight line, f - gnoll
Aim: a gnoll, wielding a +0 spear (77% to hit)
The sting hits the gnoll.
The gnoll is poisoned.
The gnoll is lightly wounded.
The gnoll closely misses you.
You now have 0/13 mp.
A gnoll comes into view. It is wielding a +0 halberd.
The gnoll shouts!
You hit the gnoll. You freeze the gnoll.
The gnoll is severely wounded.
The gnoll misses you. The gnoll closely misses you. The gnoll misses you.
The gnoll hits you with a +0 spear!
You take 9 damage, and have 19/28 hp.
MASSIVE DAMAGE!!
You closely miss the gnoll.
The gnoll is severely wounded.
The gnoll completely misses you. The gnoll closely misses you.
You slash the gnoll! You freeze the gnoll.
You kill the gnoll!
The gnoll misses you.
The gnoll hits you from afar with a +0 halberd!
* * * LOW HITPOINT WARNING * * *
You take 11 damage, and have 8/28 hp.
MASSIVE DAMAGE!!
Aiming: Sting (safe; 3% risk of failure)
Press: ? - help, Q - select action, (/) - cycle Shift-Dir - straight line, f - gnoll
Aim: a gnoll, wielding a +0 halberd (77% to hit)
The sting misses the gnoll.
The gnoll hits you from afar with a +0 halberd!
You die...

######
#..<.#
#)#..#
#@####
#.)g...#
########


You could see a gnoll.

Vanquished Creatures
  An ogre (D:5)
  2 vampire bats
  A howler monkey (D:4)
  A jelly (D:4)
  2 hounds
  A gnoll (D:5)
  6 adders
  3 worms (D:2)
  A dart slug (D:2)
  An orc (D:4)
  3 ball pythons
  6 endoplasms
  6 giant cockroaches
  4 goblins
  7 hobgoblins
  2 jackals (D:3)
  3 kobolds
  4 quokkas
  8 bats
  5 frilled lizards
  2 rats
69 creatures vanquished.

Notes
Turn   | Place    | Note
-------+----------+-------------------------------------------
     0 | D:1      | jasper the Spriggan Venom Mage began the quest for the Orb.
     0 | D:1      | Reached XP level 1. HP: 9/9 MP: 5/5
   167 | D:1      | Found Wagah's Jewellery Shoppe.
   196 | D:1      | Found Tadoiry's Distillery.
   321 | D:1      | Reached XP level 2. HP: 13/13 MP: 4/6
   463 | D:1      | Found Wuzextinla's Armour Shoppe.
   468 | D:1      | Found Itoerid's Armour Boutique.
   633 | D:1      | Found Hurown's General Store.
   724 | D:1      | Learned a level 2 spell: Poisonous Vapours
   937 | D:2      | Reached skill level 4 in Poison Magic
  1019 | D:2      | Reached XP level 3. HP: 16/16 MP: 0/8
  1023 | D:2      | Learned a level 3 spell: Mephitic Cloud
  1650 | D:2      | Reached XP level 4. HP: 21/21 MP: 2/9
  1756 | D:2      | Found a basalt altar of Yredelemnul.
  1998 | D:3      | Identified the +0 war axe of Crystal {freeze, rF+}
  1998 | D:3      | Noticed a +0 spear
  2000 | D:3      | Noticed a +0 spear
  2004 | D:3      | Noticed a +0 short sword
  2040 | D:3      | Reached skill level 1 in Air Magic
  2138 | D:3      | Got Sif Muna's Omnibus of the Geological Hornet
  2144 | D:3      | Found a faded altar of an unknown god.
  2487 | D:3      | Reached skill level 1 in Conjurations
  2605 | D:3      | Found a hide-covered altar of Uskayaw.
  2605 | D:3      | Noticed a +0 falchion
  2608 | D:3      | Noticed a +0 dagger
  2609 | D:3      | Noticed a +0 short sword
  2619 | D:3      | Noticed a +0 falchion
  2620 | D:3      | Noticed a +0 dagger
  3078 | D:4      | Reached XP level 5. HP: 22/24 MP: 6/10
  3096 | D:4      | Learned a level 4 spell: Olgreb's Toxic Radiance
  3188 | D:4      | Reached skill level 5 in Poison Magic
  3207 | D:4      | Noticed Grinder
  3404 | D:4      | HP: 1/24 [acid (7)]
  3584 | D:4      | Reached XP level 6. HP: 19/28 MP: 6/12
  3889 | D:4      | Learned a level 3 spell: Ignite Poison
  4110 | D:5      | Entered Level 5 of the Dungeon
  4133 | D:5      | Slain by a gnoll

Illustrated notes

Levels and vault maps discovered:
D:1:      shiori_arrival_whats_in_store_for_you, layout_loops_ring,
          serial_shops, nicolae_shop_waterfront, shop, shop, shop,
          nicolae_shop_statue_plus
D:2:      layout_rooms, basic_altar, serial_forest,
          infiniplex_forest_lined_room_2, infiniplex_forest_clump_long,
          infiniplex_forest_zigzag_1, infiniplex_forest_pool,
          infiniplex_forest_lined_ring, infiniplex_forest_lined_corner,
          infiniplex_forest_straight_4, infiniplex_forest_lined_room_,
          solitary_fountain
D:3:      layout_basic, nicolae_uskayaw_en_pointe,
          chequers_ecumenical_altar_simple, ebering_dispersal_statue_hall
D:4:      layout_cave_pools, nicolae_vehumet_altar_sigil,
          mainiacjoe_overflow_catwalk, gammafunk_ghost_smash, roderic_batcave,
          uniq_grinder
D:5:      minmay_angry_zag, layout_basic, lemuel_tele_altar, xom_redecorated,
          uniq_ijyb, uniq_menkaure, uniq_pikel

Skill      XL: |  1  2  3  4  5  6 |
---------------+-------------------+-----
Poison Magic   | 4 5 |  5.4
Air Magic      | 1 2 |  2.0
Conjurations   | 1 2 |  2.0
Spellcasting   | 3 4 |  4.3
Transmutations | 2 |  2.1
Dodging        | |  2.6
Stealth        | |  3.0
Fire Magic     | |  0.7

Action                     |  1- 3 |  4- 6 || total
---------------------------+-------+-------++-------
  Melee: Falchion          |     1 |       ||     1
         War axe           |       |    20 ||    20
   Cast: Sting             |    49 |    61 ||   110
         Poisonous Vapours |    15 |    28 ||    43
         Mephitic Cloud    |       |     2 ||     2
         Olgreb's Toxic Ra |       |     2 ||     2
    Use: Scroll            |     6 |     4 ||    10
 Armour: Robe              |       |     4 ||     4
  Dodge: Dodged            |    16 |    51 ||    67

Table legend: (Time is in decaauts)
 A = Elapsed time spent in this place.
 B = Non-inter-level travel time spent in this place.
 C = Inter-level travel time spent in this place.
 D = Time resting spent in this place.
 E = Time spent auto-exploring this place.
 F = Levels seen in this place.
 G = Mean time per level.
                   A        B        C        D        E       F      G
               +--------+--------+--------+--------+--------+-----+--------+
         Total |   3345 |   3206 |    139 |    471 |   2154 |   5 |  669.0 |
       Dungeon |   3345 |   3206 |    139 |    471 |   2154 |   5 |  669.0 |
               +--------+--------+--------+--------+--------+-----+--------+

Top non-repeatable levels by time:
     D:3: 1291 daAuts
     D:2: 933 daAuts
     D:1: 574 daAuts
     D:4: 523 daAuts
     D:5: 22 daAuts
